Map: Ruins of Seras

Players

IIIIIIIIIIII (State)

  • Race: Protoss Protoss
  • League: Grandmaster

hydra - Winner!

  • Race: Zerg Zerg

VOD

https://www.youtube.com/watch?v=RAE-EPHcMKY

Description

Time

  • Played on: Feb. 16, 2016, 9:12 a.m.
  • Length: 14:58
Show
View Real Time Build Order
Export as new Build Order

IIIIIIIIIIII Protoss 

Build Orders: 1 Gate Expand, Phoenix Opening 

Get SALT Encoding   

  12  0:01  Probe (Chrono Boost)  
  13  0:12  Probe (Chrono Boost)  
  14  0:19  Pylon  
  14  0:23  Probe (Chrono Boost)  
  15  0:37  Probe (Chrono Boost)  
  15  0:39  Gateway  
  16  0:44  Assimilator  
  16  0:48  Probe (Chrono Boost)  
  17  0:59  Probe (Chrono Boost)  
  18  1:09  Probe (Chrono Boost)  
  19  1:24  Nexus  
  19  1:27  Probe (Chrono Boost)  
  20  1:38  Cybernetics Core  
  20  1:41  Probe (Chrono Boost)  
  21  1:49  Assimilator  
  21  1:52  Probe (Chrono Boost)  
  22  2:01  Pylon  
  22  2:02  Probe (Chrono Boost)  
  23  2:15  Warp Gate  
  23  2:19  Adept, Probe (Chrono Boost)  
  27  2:30  Probe (Chrono Boost)  
  27  2:37  Probe (Chrono Boost)  
  27  2:38  Stargate  
  27  2:40  Probe (Chrono Boost)  
  29  2:47  Adept  
  29  2:48  Probe (Chrono Boost)  
  29  2:51  Probe (Chrono Boost)  
  35  2:59  Mothership Core (Chrono Boost)  
  35  3:01  Probe (Chrono Boost)  
  36  3:07  Pylon  
  36  3:12  Probe (Chrono Boost)  
  37  3:16  Adept  
  37  3:17  Probe (Chrono Boost)  
  40  3:21  Probe (Chrono Boost)  
  40  3:23  Phoenix (Chrono Boost)  
  43  3:28  Probe  
  43  3:31  Probe  
  45  3:40  Pylon, Probe  
  46  3:42  Probe  
  46  3:45  Adept, Phoenix (Chrono Boost)  
  51  3:52  Probe  
  51  3:53  Assimilator, Probe  
  53  4:02  Gateway  
  53  4:03  Gateway  
  53  4:08  Probe  
  53  4:09  Phoenix (Chrono Boost)  
  55  4:11  Probe  
  57  4:18  Assimilator  
  57  4:19  Probe  
  57  4:24  Probe  
  59  4:29  Probe  
  60  4:32  Pylon x2  
  60  4:33  Phoenix (Chrono Boost)  
  62  4:39  Twilight Council  
  62  4:47  Forge  
  62  4:48  Probe  
  64  4:54  Adept  
  64  4:56  Phoenix (Chrono Boost)  
  64  4:59  Probe  
  68  5:05  Pylon  
  68  5:12  Probe  
  68  5:13  Nexus  
  68  5:14  Probe  
  70  5:22  Phoenix (Chrono Boost)  
  70  5:23  Probe  
  70  5:24  Nexus  
  73  5:32  Pylon x2  
  73  5:39  Probe  
  73  5:41  Probe  
  75  5:44  Robotics Facility  
  75  5:50  Adept x3  
  75  5:52  Probe  
  75  5:53  Probe  
  83  6:02  Probe  
  84  6:05  Probe  
  85  6:13  Pylon, Probe  
  85  6:14  Gateway  
  85  6:17  Gateway, Probe  
  87  6:19  Protoss Ground Weapons Level 1  
  87  6:23  Charge  
  87  6:25  Probe  
  87  6:30  Probe  
  89  6:33  Immortal (Chrono Boost)  
  89  6:35  Probe  
  89  6:37  Probe  
  95  6:42  Probe  
  95  6:46  Probe  
  96  6:48  Probe  
  96  6:54  Probe  
  99  6:56  Probe  
  99  6:58  Probe  
  93  7:03  Robotics Facility  
  93  7:04  Robotics Bay  
  93  7:06  Probe  
  93  7:07  Probe  
  93  7:08  Pylon  
  92  7:10  Pylon  
  91  7:17  Phoenix  
  91  7:18  Probe  
  91  7:19  Probe  
  93  7:25  Probe  
  93  7:28  Probe  
  96  7:31  Assimilator, Immortal (Chrono Boost)  
  96  7:32  Assimilator  
  96  7:36  Stargate  
  95  7:37  Gateway  
  95  7:38  Gateway  
  95  7:40  Templar Archives  
  95  7:43  Gateway  
  94  7:46  Dark Shrine, Gateway  
  98  7:51  Immortal (Chrono Boost)  
  98  7:55  Zealot x3  
  104  8:09  Phoenix  
  106  8:14  Protoss Ground Weapons Level 2  
  105  8:24  Probe, Zealot x5  
  105  8:25  Immortal (Chrono Boost)  
  118  8:30  Phoenix  
  122  8:35  Immortal (Chrono Boost)  
  120  8:49  Pylon  
  120  8:50  Pylon, Phoenix  
  120  8:55  Psionic Storm, Phoenix  
  122  8:58  Nexus  
  122  9:01  Pylon  
  122  9:02  Pylon  
  128  9:04  Gravitic Drive (Chrono Boost)  
  128  9:09  Pylon  
  128  9:19  Nexus  
  128  9:20  Immortal x2  
  132  9:32  Fleet Beacon  
  132  9:36  Photon Cannon x2  
  132  9:38  Photon Cannon, High Templar  
  132  9:39  High Templar  
  136  9:58  Immortal  
  136  9:59  Immortal  
  136  10:00  Gateway  
  136  10:01  Protoss Air Weapons Level 1  
  136  10:02  Gateway  
  136  10:03  Pylon x2  
  136  10:05  Pylon  
  144  10:10  Assimilator  
  144  10:15  Assimilator  
  144  10:23  Zealot x5  
  144  10:24  Zealot  
  156  10:30  Protoss Ground Weapons Level 3  
  162  10:46  Tempest  
  166  10:50  Tempest  
  166  11:07  Immortal x2  
  174  11:21  High Templar x2  
  174  11:22  Zealot x4  
  174  11:23  Zealot x3  
  192  11:28  Probe x2  
  190  11:42  Zealot  
  183  11:47  Zealot  
  183  11:48  Dark Templar x2  
  183  11:49  Dark Templar x3  
  169  11:55  Probe x2  
  169  12:01  High Templar  
  149  12:05  Oracle  
  150  12:09  Dark Templar x2  
  150  12:14  Probe x4  
  136  12:25  Dark Templar x3  
  136  12:26  Probe, Zealot x5  
  136  12:27  Probe  
  150  12:32  Probe x2  
  136  12:53  Zealot x5  
  136  12:54  Zealot x2  
  136  12:56  Probe x2  
  146  12:59  Probe x2  
  146  13:05  Tempest  
  140  13:20  Nexus  
  140  13:22  Dark Templar x4  
  140  13:25  Dark Templar  
  146  13:27  Dark Templar  
  148  13:36  Robotics Facility  
  148  13:41  Pylon x2  
  144  13:53  Probe, High Templar  
  144  13:54  High Templar x3  
  148  13:58  Zealot x4  
  151  14:03  Archon  
  151  14:04  Archon  
  151  14:06  Dark Templar  
  131  14:18  Zealot x3  
  131  14:19  Zealot  
  76  14:34  High Templar x2  
  76  14:35  Dark Templar  
  76  14:39  Archon  
  76  14:45  Zealot x3  
Show
View Real Time Build Order
Export as new Build Order

hydra Zerg - Winner!

Build Orders: 3 Hatch before Pool, Lurkers 

Get SALT Encoding   

  12  0:01  Drone  
  13  0:13  Overlord  
  13  0:18  Drone  
  14  0:31  Drone x2  
  14  0:35  Drone  
  17  0:53  Hatchery  
  17  0:55  Drone  
  17  1:00  Drone  
  18  1:07  Drone  
  19  1:25  Hatchery  
  19  1:26  Drone  
  19  1:28  Drone  
  20  1:39  Extractor  
  19  1:43  Spawning Pool  
  19  1:45  Drone  
  19  1:50  Drone  
  20  2:00  Drone  
  21  2:05  Drone  
  22  2:11  Drone  
  23  2:15  Drone  
  24  2:26  Overlord  
  24  2:30  Queen x2  
  28  2:37  Queen  
  28  2:40  Metabolic Boost  
  28  2:42  Zergling x2  
  32  2:44  Zergling x2  
  32  2:48  Zergling x2  
  33  2:52  Drone x2  
  33  2:55  Drone  
  33  2:56  Drone  
  37  3:00  Drone  
  37  3:02  Drone  
  39  3:05  Overlord  
  39  3:09  Drone  
  39  3:11  Drone  
  41  3:13  Drone  
  42  3:23  Overlord  
  42  3:26  Drone  
  42  3:27  Drone  
  44  3:28  Drone  
  45  3:39  Zergling x2  
  45  3:40  Zergling x6  
  49  3:43  Zergling x2  
  49  3:44  Zergling x2  
  49  3:45  Drone x4  
  49  3:46  Spore Crawler  
  49  3:47  Spore Crawler  
  53  3:49  Spore Crawler  
  53  3:51  Overlord  
  53  3:55  Drone x2  
  54  3:57  Drone  
  54  3:58  Drone  
  54  4:00  Drone  
  57  4:05  Lair  
  57  4:08  Drone  
  58  4:10  Overlord  
  58  4:13  Drone x2  
  61  4:17  Drone  
  61  4:18  Drone  
  61  4:21  Roach Warren  
  61  4:24  Drone x3  
  61  4:27  Drone  
  61  4:30  Drone  
  61  4:31  Extractor x2, Drone x2  
  66  4:33  Drone  
  66  4:36  Overlord  
  66  4:37  Overlord  
  66  4:45  Extractor  
  65  4:46  Overlord x2  
  65  4:49  Drone  
  66  5:01  Roach x2  
  66  5:02  Spore Crawler  
  66  5:03  Roach x3  
  66  5:06  Hydralisk Den  
  73  5:08  Drone x3  
  73  5:11  Zergling x8  
  80  5:14  Glial Reconstitution  
  80  5:20  Drone  
  80  5:21  Drone x4  
  82  5:23  Drone  
  82  5:25  Zergling x2  
  86  5:29  Extractor  
  86  5:32  Extractor  
  86  5:34  Drone x3  
  86  5:35  Drone x3  
  88  5:36  Lurker Den  
  88  5:39  Evolution Chamber  
  88  5:41  Overlord  
  88  5:42  Overlord  
  87  5:44  Overseer  
  87  5:54  Drone  
  87  5:55  Drone  
  86  6:01  Hydralisk x3  
  86  6:03  Hydralisk x2  
  94  6:09  Drone  
  94  6:10  Hydralisk  
  95  6:13  Hydralisk  
  95  6:15  Overlord x2  
  95  6:16  Overlord  
  95  6:18  Hatchery  
  96  6:20  Zerg Missile Weapons Level 1  
  96  6:25  Hydralisk  
  96  6:26  Hydralisk  
  100  6:33  Hydralisk x2  
  103  6:42  Drone x2  
  103  6:44  Zergling x14  
  112  6:53  Extractor  
  105  6:55  Hydralisk x5, Extractor  
  106  7:05  Hydralisk  
  106  7:06  Hydralisk x2  
  108  7:15  Drone x2  
  108  7:16  Drone x4  
  108  7:19  Hydralisk x3  
  108  7:20  Hydralisk  
  112  7:31  Muscular Augments  
  112  7:32  Queen  
  114  7:40  Drone x5  
  114  7:41  Drone x2  
  121  7:48  Hydralisk x3  
  121  7:50  Spore Crawler, Overlord x2  
  121  7:51  Overlord  
  126  7:53  Drone  
  126  7:56  Overlord  
  126  7:57  Overlord  
  127  8:09  Infestation Pit  
  127  8:12  Spire  
  125  8:16  Lurker  
  125  8:17  Lurker x2  
  128  8:21  Drone x3  
  128  8:26  Spine Crawler, Zerg Missile Weapons Level 2  
  126  8:27  Spore Crawler  
  126  8:30  Spine Crawler  
  126  8:31  Lurker  
  122  8:35  Overlord x2  
  122  8:39  Zergling x14  
  122  8:40  Zergling x14  
  135  8:42  Lurker x2  
  135  8:48  Hive  
  137  8:51  Spore Crawler  
  137  8:55  Hydralisk x3, Overlord  
  136  9:01  Lurker  
  143  9:14  Hydralisk  
  143  9:15  Hydralisk x4  
  148  9:21  Drone x2  
  150  9:34  Hydralisk x5  
  150  9:35  Hydralisk x4  
  168  9:40  Overlord x2  
  168  9:43  Spine Crawler  
  167  9:45  Spine Crawler  
  167  9:46  Drone x3  
  167  9:50  Hatchery  
  168  10:00  Greater Spire  
  168  10:03  Overseer  
  168  10:07  Adrenal Glands  
  168  10:25  Pneumatized Carapace  
  168  10:27  Hydralisk x9  
  168  10:28  Hydralisk  
  186  10:41  Lurker x3  
  189  10:43  Hydralisk  
  191  10:50  Lurker  
  191  10:52  Lurker  
  191  10:57  Hydralisk x2  
  198  11:05  Hatchery  
  198  11:11  Hydralisk x5  
  199  11:22  Zerg Missile Weapons Level 3  
  178  12:03  Hydralisk x10  
  192  12:17  Overseer x4  
  170  12:31  Roach x8  
  170  12:32  Hatchery, Roach x5  
  193  12:41  Hydralisk x5  
  194  12:53  Roach  
  194  12:54  Roach x3  
  190  13:01  Roach  
  190  13:02  Roach x4  
  190  13:04  Hydralisk  
  190  13:05  Hydralisk  
  170  13:11  Lurker x3  
  170  13:12  Lurker x5  
  176  13:14  Overseer  
  176  13:16  Hydralisk x2  
  176  13:17  Zergling x2  
  176  13:18  Zergling x36  
  199  13:56  Spore Crawler  
  199  13:58  Spine Crawler  
  185  14:10  Hydralisk  
  185  14:11  Hydralisk x8  
  198  14:22  Hydralisk  
  198  14:23  Hydralisk x11  
  192  14:33  Hydralisk x6  
  200  14:40  Hatchery  
Tags
 
Add a new tag
Caveats
  • Supply blocks, unpowered buildings, or Contaminate may cause inaccurate times.
  • Supply counts are checked every 10 seconds.